 Dungeon Crawl Stone Soup version 0.15.2 (webtiles) character file.

7452 araganzar the Spear-Bearer (level 10, -1/70 HPs)
             Began as a Demonspawn Skald on Jan 6, 2015.
             Was a Priest of Okawaru.
             Killed from afar by DCMalleus' ghost (26 damage)
             ... with a blast of negative energy
             ... on Level 10 of the Dungeon.
             The game lasted 00:59:06 (10740 turns).

araganzar the Spear-Bearer (Demonspawn Skald)      Turns: 10740, Time: 00:59:06

HP  -1/70        AC  9     Str 17      XL: 10   Next: 94%
MP  13/18        EV 16     Int 17      God: Okawaru [***...]
Gold 259         SH  0     Dex 12 (13) Spells:  5 memorised,  4 levels left

rFire  + . .     SeeInvis .     y - +0 halberd (flame)
rCold  + + .     Clarity  .     Y - +2 robe {rC+ rF+}
rNeg   . . .     rCorr    .     (no shield)
rPois  .         rRot     +     (no helmet)
rElec  .         Spirit   .     B - +0 cloak
SustAb .         Warding  .     (no gloves)
rMut   .         Stasis   .     k - +0 pair of boots
Gourm  .                        (no amulet)
MR     .....                    z - +5 ring of strength
                                D - +3 ring of evasion

@: heroism, heavily drained, not resistant to hostile enchantments, unstealthy
A: hooves 2, molten scales 2, cold resistance 1, spit poison 1, rot immunity
a: Spit Poison, Heroism, Renounce Religion


You were on level 10 of the Dungeon.
You worshipped Okawaru.
Okawaru was most pleased with you.
You were not hungry.

You visited 2 branches of the dungeon, and saw 11 of its levels.
You also visited: Ossuary.

You collected 411 gold pieces.
You spent 152 gold pieces at shops.


Innate Abilities, Weirdness & Mutations

You have hoof-like feet.
You are mostly covered in molten scales (AC +3, EV -1).
Your flesh is cold resistant.
You are immune to rotting.
You can spit poison.


   Skills:
 - Level 3.1(6.7) Fighting
 * Level 13.6(16.9) Polearms
 - Level 0.8(4.6) Armour
 - Level 0.8(4.6) Dodging
 - Level 3.0(1.9) Spellcasting
 - Level 3.7(2.5) Hexes
 - Level 3.3(2.2) Charms
 - Level 4.1(2.9) Necromancy


You had 4 spell levels left.
You knew the following spells:

 Your Spells              Type           Power        Failure   Level  Hunger
a - Infusion              Chrm           #.....       10%         1    #......
b - Shroud of Golubria    Chrm/Tloc      #.........   21%         2    ###....
c - Song of Slaying       Chrm           #.......     14%         2    ###....
e - Regeneration          Chrm/Necr      ##........   21%         3    ####...
z - Spectral Weapon       Hex/Chrm       #.......     24%         3    ####...


Dungeon Overview and Level Annotations

Branches:
Dungeon (10/15)            Temple (1/1) D:7             Orc (0/4) D:9
   Lair (0/8) D:8

Altars:
Cheibriados
Dithmenos
Elyvilon
Makhleb
Nemelex Xobeh
Okawaru
Qazlal
Vehumet
Xom
Yredelemnul
The Shining One

Shops:
D:9 *

Annotations:
D:4 DCMalleus' ghost, average MiFi
D:10 DCMalleus' ghost, experienced DrFi

Inventory:

Hand weapons
 a - a +0 trident of venom
   (You found it on level 5 of the Dungeon)
 w - a +0 blowgun
   (You took it off a kobold on level 5 of the Dungeon)
 y - a +0 halberd of flaming (weapon)
   (You took it off a gnoll on level 3 of the Dungeon)
 H - a +2 bardiche of freezing
   (You acquired it on level 9 of the Dungeon)
 R - a +3 battleaxe of freezing
   (You took it off a wight on level 8 of the Dungeon)
Missiles
 r - 27 poisoned needles
 C - 8 tomahawks
 G - 11 javelins (quivered)
 I - a throwing net
Armour
 j - a +3 leather armour of positive energy
   (You took it off an orc on level 9 of the Dungeon)
 k - a +0 pair of boots (worn)
   (You found it on level 1 of the Dungeon)
 B - a +0 cloak (worn)
   (You found it on level 5 of the Dungeon)
 T - a +0 buckler
   (You found it on level 9 of the Dungeon)
 Y - a +2 robe of resistance (worn)
   (You took it off Pikel on level 9 of the Dungeon)
Magical devices
 n - a wand of confusion (0)
   (You took it off Sigmund on level 3 of the Dungeon)
Comestibles
 d - 6 bread rations
 s - a chunk of troll flesh {@*1}
 E - 8 slices of pizza
 F - 4 meat rations
 L - 4 royal jellies
 U - 10 fruits
Scrolls
 f - a scroll of immolation {!r}
 o - a scroll of blinking
 q - 4 scrolls of teleportation
 M - 3 scrolls of enchant armour
 N - a scroll of remove curse
 P - a scroll of magic mapping
Jewellery
 z - a +5 ring of strength (right hand)
   (You found it on level 6 of the Dungeon)
 D - a +3 ring of evasion (left hand)
   (You found it on level 5 of the Dungeon)
Potions
 e - a potion of flight
 g - 2 potions of brilliance
 h - a potion of haste
 i - 3 potions of heal wounds
 l - a potion of resistance
 m - 4 potions of restore abilities
 p - 2 potions of lignification {!q}
 t - 2 potions of might
 u - 2 potions of berserk rage
 v - a potion of poison {!q}
 x - a potion of cancellation {unknown}
 A - 2 potions of mutation {!q}
 S - 3 potions of curing
Books
 c - a book of Battle

   Spells                             Type                      Level
   *Infusion                          Charms                       1
   *Shroud of Golubria                Charms/Translocation         2
   *Song of Slaying                   Charms                       2
   *Spectral Weapon                   Hexes/Charms                 3
   *Regeneration                      Charms/Necromancy            3
Magical staves
 J - an uncursed staff of poison {!a}
   (You found it on level 6 of the Dungeon)

...'.###........#
..#......# ...###
#........+ #....o.#
...# #........
#......# ...#
#....... #...W..#
#'## ##+####
#......# #.# ..###
###.#### #.## ..?
#..# #..# #####W###
##.# ##'###
#.....@(# #.#
.....# #######.###
##.###### .....#
#.......'.#
#.......# .....+
#.#.###.#.##
#.....(.## .....#
...#..###.........
.....#
#.####...........#.
)##### #.
#####.......## .# #
#.......# ##
####''####


You could see DCMalleus' ghost and a friendly spectral halberd of flaming.


Message History

You see here a killer bee corpse.
The killer bee corpse slowly burns to ash.
Your spectral weapon fades away.
Found a potion of might.
t - 2 potions of might (gained 1) Eating one of 2 chunks of troll flesh {@*1}.
HP restored.
As you open the door, it creaks loudly!
There is an open door here.
You open the door.
Found a scroll of enchant armour.
DCMalleus' ghost is nearby!
Wield which item (- for none, * to show all)? (? for menu, Esc to quit)
Your +0 trident of venom stops dripping with poison.
It bursts into flame!
y - a +0 halberd of flaming (weapon)
Casting: Spectral Weapon You draw out your weapon's spirit!
DCMalleus' ghost hits you. DCMalleus' ghost burns you.
You barely miss DCMalleus' ghost. DCMalleus' ghost barely misses you.
You puncture DCMalleus' ghost! You burn DCMalleus' ghost.
DCMalleus' ghost is lightly damaged.
DCMalleus' ghost closely misses you.
You barely miss DCMalleus' ghost.
DCMalleus' ghost is lightly damaged.
Your spectral weapon hits DCMalleus' ghost from afar!
Your spectral weapon burns DCMalleus' ghost.
DCMalleus' ghost closely misses you.
You hit DCMalleus' ghost.
DCMalleus' ghost is moderately damaged.
You puncture DCMalleus' ghost! You burn DCMalleus' ghost.
DCMalleus' ghost is heavily damaged.
DCMalleus' ghost barely misses you.
You closely miss DCMalleus' ghost.
DCMalleus' ghost is heavily damaged.
Your spectral weapon hits DCMalleus' ghost from afar!
DCMalleus' ghost hits you but does no damage.
You closely miss DCMalleus' ghost.
DCMalleus' ghost is heavily damaged.
DCMalleus' ghost hits you.
You closely miss DCMalleus' ghost.
DCMalleus' ghost is heavily damaged.
DCMalleus' ghost hits you.
You barely miss DCMalleus' ghost.
DCMalleus' ghost is heavily damaged.
DCMalleus' ghost hits you but does no damage.
You slash DCMalleus' ghost!
DCMalleus' ghost is severely damaged.
DCMalleus' ghost barely misses you.
You completely miss DCMalleus' ghost.
DCMalleus' ghost is severely damaged.
You closely miss DCMalleus' ghost.
DCMalleus' ghost is severely damaged.
DCMalleus' ghost hits you. DCMalleus' ghost burns you.
You miss DCMalleus' ghost.
DCMalleus' ghost is severely damaged.
DCMalleus' ghost hits you.
Use which ability? (? or * to list)
You gain the combat prowess of a mighty hero.
You feel slightly more hungry.
DCMalleus' ghost breathes negative energy at you.
The blast of negative energy hits you!
You feel drained.
* * * LOW HITPOINT WARNING * * *
Unknown command.
Unknown command.
You hit DCMalleus' ghost but do no damage.
DCMalleus' ghost is severely damaged.
DCMalleus' ghost breathes negative energy at you.
The blast of negative energy hits you!
You feel drained.
You die...

Action                   |  1- 3 |  4- 6 |  7- 9 | 10-12 || total
-------------------------+-------+-------+-------+-------++-------
Melee: Spear             |   159 |    76 |       |       ||   235
       Trident           |       |    99 |   387 |   150 ||   636
       Short sword       |       |       |     1 |       ||     1
       Halberd           |       |       |       |    54 ||    54
       Battleaxe         |       |       |       |    16 ||    16
       Bardiche          |       |       |       |     8 ||     8
 Fire: Blowgun           |       |       |    13 |    28 ||    41
Throw: Stone             |     3 |    14 |     5 |       ||    22
       Javelin           |       |       |     8 |     1 ||     9
 Cast: Infusion          |     4 |     5 |     6 |     3 ||    18
       Shroud of Golubri |     2 |     4 |     8 |     5 ||    19
       Song of Slaying   |     2 |     1 |     5 |     7 ||    15
       Spectral Weapon   |       |    22 |    43 |    32 ||    97
       Regeneration      |       |       |     1 |     5 ||     6
Invok: Heroism           |       |       |       |     4 ||     4
Evoke: Wand              |       |       |     9 |     1 ||    10
  Use: Potion            |       |    10 |     1 |     1 ||    12
       Scroll            |       |    11 |     6 |    10 ||    27
 Stab: Distracted        |       |       |     2 |     3 ||     5
  Eat: Chunk             |     2 |     6 |    19 |    12 ||    39
       Meat ration       |       |     1 |       |       ||     1
       Royal jelly       |       |     1 |       |       ||     1
       Pizza             |       |       |     1 |       ||     1
       Fruit             |       |       |       |     2 ||     2

Vault maps used:
D:1:      lemuel_arrival_river_ford
D:3:      first_bread, uniq_natasha, uniq_sigmund
D:4:      uniq_iyjb
D:5:      enter_ossuary_1
D:6:      minmay_misc_feat_tower, minmay_mini_ossuary
D:7:      temple_fountains, basic_altar
D:8:      dpeg_oklobed_lair, hangedman_ranch, uniq_edmund
D:9:      erik_orc_4, serial_shops, nicolae_shop_window_shopping,
          grunt_dithmenos_smoke_and_mirrors, uniq_eustachio, uniq_pikel
D:10:     st_stairs_8, kennysheep_generic_room_5
Temple:   grunt_circular_temple_18
Ossuary:  ossuary_due_pyramid

Notes
Turn   | Place    | Note
--------------------------------------------------------------
     0 | D:1      | araganzar, the Demonspawn Skald, began the quest for the Orb.
     0 | D:1      | Reached XP level 1. HP: 16/16 MP: 3/3
   262 | D:1      | Gained mutation: You are partially covered in molten scales (AC +1). [demonic ancestry]
   262 | D:1      | Reached XP level 2. HP: 14/23 MP: 4/4
   535 | D:2      | Reached skill level 2 in Polearms
   535 | D:2      | Reached skill level 3 in Charms
   541 | D:2      | HP: 5/23 [poisoned by an adder]
   548 | D:2      | HP: 4/23 [poisoned by an adder]
   832 | D:3      | Learned a level 2 spell: Shroud of Golubria
   835 | D:3      | Learned a level 2 spell: Song of Slaying
   849 | D:2      | Reached XP level 3. HP: 26/28 MP: 1/6
   950 | D:2      | Reached skill level 3 in Fighting
  1492 | D:4      | Noticed DCMalleus' ghost (average MiFi)
  1551 | D:3      | Gained mutation: You are mostly covered in molten scales (AC +3, EV -1). [demonic ancestry]
  1551 | D:3      | Reached XP level 4. HP: 35/35 MP: 1/8
  1686 | D:3      | Noticed DCMalleus' ghost (average OpFi)
  1796 | D:4      | Noticed Ijyb
  1997 | D:3      | Noticed Natasha
  2009 | D:3      | Killed Natasha
  2010 | D:3      | HP: 8/35 [hobgoblin (3)]
  2425 | D:3      | Learned a level 3 spell: Spectral Weapon
  2433 | D:3      | Noticed Sigmund
  2488 | D:4      | Killed Ijyb
  2488 | D:4      | Gained mutation: You have large cloven feet. [demonic ancestry]
  2488 | D:4      | Reached XP level 5. HP: 35/41 MP: 1/10
  2590 | D:4      | Reached skill level 3 in Polearms
  2590 | D:4      | Reached skill level 3 in Spellcasting
  2612 | D:5      | Entered Level 5 of the Dungeon
  2701 | D:5      | Found a sand-covered staircase.
  2732 | D:5      | Reached skill level 1 in Hexes
  2786 | D:5      | Noticed an ogre
  2814 | Ossuary  | Entered an ossuary
  3186 | Ossuary  | Killed Menkaure
  3525 | D:5      | Killed an ogre
  3525 | D:5      | Reached skill level 4 in Polearms
  3525 | D:5      | Reached XP level 6. HP: 47/47 MP: 8/12
  3988 | D:5      | Reached skill level 2 in Hexes
  4050 | D:4      | Noticed an ogre
  4060 | D:4      | Killed an ogre
  4226 | D:4      | Reached XP level 7. HP: 46/52 MP: 7/14
  4238 | D:4      | Reached skill level 5 in Polearms
  4241 | D:4      | Reached skill level 3 in Hexes
  4993 | D:3      | Killed Sigmund
  5067 | D:3      | Killed DCMalleus' ghost
  5067 | D:3      | Reached skill level 6 in Polearms
  5329 | D:4      | HP: 11/52 [DCMalleus' ghost (13)]
  5514 | D:5      | Noticed a phantom
  5540 | D:5      | Killed a phantom
  5601 | D:5      | Gained mutation: You are immune to rotting. [demonic ancestry]
  5601 | D:5      | Reached XP level 8. HP: 56/58 MP: 12/16
  6229 | D:5      | Reached skill level 7 in Polearms
  6434 | D:6      | Learned a level 3 spell: Regeneration
  6444 | D:6      | Reached skill level 8 in Polearms
  6818 | D:6      | Reached skill level 9 in Polearms
  6923 | D:7      | Found a staircase to the Ecumenical Temple.
  6938 | Temple   | Entered the Ecumenical Temple
  6986 | Temple   | Became a worshipper of Warmaster Okawaru
  7498 | D:7      | Found a radiant altar of Vehumet.
  7611 | D:7      | Gained mutation: You have hoof-like feet. [demonic ancestry]
  7611 | D:7      | Reached XP level 9. HP: 61/63 MP: 13/17
  8024 | D:8      | Reached skill level 10 in Polearms
  8175 | D:8      | Acquired Okawaru's first power
  8312 | D:8      | Noticed a two-headed hydra
  8314 | D:8      | Killed a hydra
  8314 | D:8      | Reached skill level 11 in Polearms
  8314 | D:8      | Reached skill level 2 in Necromancy
  8318 | D:8      | Reached skill level 3 in Necromancy
  8410 | D:8      | Found a staircase to the Lair.
  8426 | D:8      | Noticed Edmund
  8448 | D:8      | Killed Edmund
  8448 | D:8      | Gained mutation: Your flesh is cold resistant. [demonic ancestry]
  8448 | D:8      | Reached XP level 10. HP: 67/70 MP: 16/18
  8543 | D:8      | Reached skill level 4 in Necromancy
  8971 | D:8      | Reached skill level 12 in Polearms
  9302 | D:9      | Found a shadowy altar of Dithmenos.
  9388 | D:9      | Noticed Eustachio
  9410 | D:9      | Killed Eustachio
  9447 | D:9      | Noticed Pikel
  9458 | D:9      | Killed Pikel
  9529 | D:9      | Found a staircase to the Orcish Mines.
  9695 | D:9      | Gained mutation: You can spit poison. [potion of beneficial mutation]
  9754 | D:9      | Found Broumisma's General Store.
  9760 | D:9      | Bought a scroll of blinking for 120 gold pieces
  9760 | D:9      | Bought a potion of curing for 32 gold pieces
  9810 | D:9      | Identified a scroll of acquirement
  9906 | D:9      | Reached skill level 13 in Polearms
 10107 | D:10     | Entered Level 10 of the Dungeon
 10314 | D:10     | Noticed DCMalleus' ghost (experienced DrFi)
 10740 | D:10     | Killed from afar by DCMalleus' ghost

Vanquished Creatures
  A hydra (D:8)
  Pikel (D:9)
  A two-headed ogre (D:9)
  A troll (D:10)
  A wandering mushroom (D:8)
  2 yaks (D:8)
  Eustachio (D:9)
  2 deep elf magi (D:10)
  A hippogriff (D:10)
  Edmund (D:8)
  A warg (D:9)
  5 orc warriors
  A phantom (D:5)
  A black bear (D:9)
  An ice beast (D:6)
  A necrophage (D:7)
  5 ogres
  3 sky beasts
  The ghost of DCMalleus the Chopper, an average OpFi (D:3)
  Sigmund (D:3)
  3 big kobolds (D:8)
  4 giant frogs
  A hippogriff zombie (D:10)
  A scorpion (D:7)
  An eye of draining (D:10)
  7 killer bees
  2 quasits
  5 wights (D:8)
  8 hounds
  A jelly (D:8)
  3 crimson imps
  A goliath beetle (D:9)
  11 orc priests
  6 orc wizards
  A two-headed ogre skeleton (D:8)
  Natasha (D:3)
  A giant frog skeleton (D:10)
  An iguana (D:7)
  9 worker ants
  2 sheep (D:8)
  A sky beast zombie (D:5)
  Ijyb (D:4)
  A hound zombie (D:5)
  3 mummies
  8 gnolls
  11 adders
  3 shadow imps
  2 giant mites (D:6)
  3 worms
  An adder skeleton (D:4)
  An iguana skeleton (D:10)
  A giant gecko (D:8)
  An ooze (D:5)
  46 orcs
  10 bats
  A bat skeleton (D:7)
  5 giant cockroaches
  11 hobgoblins
  7 jackals
  4 quokkas
  2 ball pythons (D:4)
  4 giant newts
  A giant newt skeleton (D:4)
  A giant spore (D:7)
  5 gnoll skeletons (Ossuary)
  2 gnoll zombies (Ossuary)
  9 goblins
  2 goblin skeletons (Ossuary)
  A goblin zombie (Ossuary)
  2 hobgoblin skeletons
  3 hobgoblin zombies
  12 kobolds
  2 kobold skeletons
  6 kobold zombies
  4 orc skeletons
  2 orc zombies (D:6)
  12 rats
  2 rat skeletons
  4 rat zombies (Ossuary)
  A ballistomycete (D:7)
299 creatures vanquished.

Vanquished Creatures (collateral kills)
  A jackal (D:7)
1 creature vanquished.

Vanquished Creatures (others)
  Menkaure (Ossuary)
  2 slaves (D:9)
  6 spectral weapons
  A mummy (Ossuary)
  3 goblin skeletons (Ossuary)
  2 goblin zombies (Ossuary)
  2 hobgoblin skeletons (Ossuary)
  A kobold skeleton (Ossuary)
  4 kobold zombies (Ossuary)
  3 orc skeletons (Ossuary)
  4 orc zombies (Ossuary)
  5 rat skeletons (Ossuary)
  2 rat zombies (Ossuary)
36 creatures vanquished.

Grand Total: 336 creatures vanquished
